 Dungeon Crawl Stone Soup version 0.25.0-8-gfd19cd77bd (webtiles) character file.

Game seed: 15485174700961951450

6 DeadF the Vexing (level 1, -3/7 HPs)
             Began as a Felid Enchanter on June 16, 2020.
             Slain by a leopard gecko (4 damage)
             ... on level 3 of the Dungeon.
             The game lasted 00:01:24 (544 turns).

DeadF the Vexing (Felid Enchanter)                   Turns: 544, Time: 00:01:24

Health: -3/7       AC:  1    Str:  4    XL:     1   Next: 75%
Magic:  3/4        EV: 18    Int: 16    God:
Gold:   19         SH:  0    Dex: 16    Spells: 3/4 levels left
                                        Lives:  0   Deaths: 0

rFire    + . .     SeeInvis +     - Unarmed
rCold    + . .     Gourm    .   (shield unavailable)
rNeg     . . .     Faith    .   (armour unavailable)
rPois    +         Spirit   .   (helmet unavailable)
rElec    +         Reflect  .   (cloak unavailable)
rCorr    +         Harm     .   (gloves unavailable)
MR       .....                  (boots unavailable)
Stlth    +++.......             (no amulet)
HPRegen  0.02/turn              (no ring)
MPRegen  0.09/turn              (no ring)

@: resistant, quick
A: very small, no armour, no weapons or thrown items, stealth, claws 1, fangs 3,
see invisible, carnivore, speed 1, shaggy fur 1, slow metabolism 1, sharp paws
a: no special abilities


You were on level 3 of the Dungeon.
You were very full.

You visited 1 branch of the dungeon, and saw 3 of its levels.

You collected 19 gold pieces.

Inventory:

Jewellery
 d - an uncursed ring of protection from magic {unknown}
Scrolls
 a - a scroll of identify {unknown}
 c - a scroll of random uselessness {unknown}
 g - a scroll of remove curse {unknown}
 h - 3 scrolls of teleportation {unknown}
Comestibles
 b - 3 rations


   Skills:
 + Level 3.1 Dodging
 + Level 4.3 Stealth
 - Level 1.0 Unarmed Combat
 - Level 2.0 Spellcasting
 - Level 4.4 Hexes


You had 3 spell levels left.
You knew the following spells:

 Your Spells              Type           Power        Failure   Level  Hunger
a - Corona                Hex            ###....      3%          1    #......

Your spell library contained the following spells:

 Spells                   Type           Power        Failure   Level  Hunger
 Confusing Touch          Hex            ###.....     11%         3    ###....
 Tukima's Dance           Hex            ###.....     11%         3    ###....
 Ensorcelled Hibernation  Hex/Ice        #.....       13%         2    ###....
 Dazzling Flash           Conj/Hex       #.....       26%         3    ###....


Dungeon Overview and Level Annotations

Branches:
Dungeon (3/15)

Altars:
Ashenzari
Ru
Uskayaw


Innate Abilities, Weirdness & Mutations

You cannot wear armour.
You are incapable of wielding weapons or throwing items.
Your paws allow you to move quietly. (Stealth)
You have sharp claws.
You have razor-sharp teeth.
You have supernaturally acute eyesight. (SInv)
You are carnivorous and can eat meat at any time.
You cover ground quickly.
You are covered in fur. (AC +1)
You have a slow metabolism.
Your sharp claws are effective at attacking unaware monsters.


Message History

You open the door. The leopard gecko closely misses you.
Casting: Corona (safe; 3% risk of failure)
Confirm with . or Enter, or press ? or * to list all spells.
Aiming: Corona (safe; 3% risk of failure)
Press: ? - help, Shift-Dir - straight line, f - leopard gecko
Aim: a leopard gecko (chance to defeat MR: 69%)
The leopard gecko is outlined in light.
The leopard gecko bites you.
Ouch! That really hurt!
It was a potion of curing.
You feel better. The leopard gecko bites you.
Ouch! That really hurt!
The leopard gecko closely misses you.
It was a potion of resistance.
You feel protected. The leopard gecko bites you.
* * * LOW HITPOINT WARNING * * *
You scratch the leopard gecko.
The leopard gecko is lightly wounded.
The leopard gecko bites you.
Ouch! That really hurt!
You die...

.............#.
...............#
...............#
...............#
...............####
..................#
###
..................#
#'#####
..................#
......#
.......@l.........#
...<..+
..####'#######....#
......# ... #....#
......# +... #....#
......# ##.. #....#
#.....# ##. #....#
#....## ## #....#
#....# #....#
.....# ######


You could see a leopard gecko (corona).

Vanquished Creatures
  A giant cockroach (D:1)
  A goblin (D:3)
  A hobgoblin (D:3)
  A bat (D:1)
  A kobold (D:1)
  A rat (D:2)
6 creatures vanquished.

Vanquished Creatures (others)
  13 toadstools (D:3)
13 creatures vanquished.

Grand Total: 19 creatures vanquished

Notes
Turn   | Place    | Note
-------+----------+-------------------------------------------
     0 | D:1      | DeadF the Felid Enchanter began the quest for the Orb.
     0 | D:1      | Reached XP level 1. HP: 7/7 MP: 4/4
    77 | D:1      | You fall into a shaft and drop 1 floor!
   428 | D:3      | Found a hide-covered altar of Uskayaw.
   488 | D:3      | Found a shattered altar of Ashenzari.
   520 | D:3      | Found a sacrificial altar of Ru.
   544 | D:3      | Slain by a leopard gecko

Illustrated notes

Levels and vault maps discovered:
D:1:      heliophobic_arrival_glass_houses, layout_rooms
D:2:      layout_rooms, lightli_temple_of_fire
D:3:      layout_basic, lemuel_round_altar, overflow_temple_1_default,
          nicolae_ru_awakened_eye, lemuel_round_altar, tgw_fedhas, first_ration

Skill      XL: |  1 |
---------------+----+-----
Dodging        | 3 |  3.1
Stealth        | |  4.3
Unarmed Combat | |  1.0
Spellcasting   | |  2.0
Hexes          | |  4.4

Action                   || total
-------------------------++-------
Melee: Unarmed           ||    10
 Cast: Corona            ||     1
  Use: Potion            ||     2
 Stab: Sleeping          ||     5
  Eat: Chunk             ||     5
Dodge: Dodged            ||     7
